 Dungeon Crawl Stone Soup version 0.26.1-11-gd32895ea62 (webtiles) character file.

Game seed: 8292913834073039398

95 Saba the Bolt Thrower (level 4, -1/28 HPs)
             Began as a Gargoyle Hunter on July 6, 2021.
             Slain by Sigmund
             ... wielding a +2 scythe of venom
              (5 damage)
             ... on level 2 of the Dungeon.
             The game lasted 00:04:39 (2818 turns).

Saba the Bolt Thrower (Gargoyle Hunter)             Turns: 2818, Time: 00:04:39

Health: -1/28      AC: 11    Str: 16    XL:     4   Next: 66%
Magic:  13/13      EV: 10    Int: 12    God:
Gold:   129        SH:  0    Dex: 10    Spells: 3/3 levels left

rFire    . . .     SeeInvis .   a - +1 hand crossbow
rCold    . . .     Faith    .   (no shield)
rNeg     + . .     Spirit   .   o - +0 scale mail
rPois    ∞         Reflect  .   n - +0 helmet
rElec    +         Harm     .   (no cloak)
rCorr    .         Rampage  .   (no gloves)
Will     .....                  (no boots)
Stlth    ..........             (no amulet)
HPRegen  0.09/turn              m - ring of magical power
MPRegen  0.13/turn              (no ring)

@: confused
A: negative energy resistance 1, electricity resistance, unbreathing,
petrification resistance, miasma immunity, AC +3
a: no special abilities


You were on level 2 of the Dungeon.
You visited 1 branch of the dungeon, and saw 2 of its levels.

You collected 129 gold pieces.

Inventory:

Hand Weapons
 a - a +1 hand crossbow (weapon)
 j - a +0 spear
Missiles
 d - 3 bolts (quivered ammo)
Armour
 n - a +0 helmet (worn)
 o - a +0 scale mail (worn)
Jewellery
 m - a ring of magical power (left hand)
Scrolls
 g - 3 scrolls of remove curse
 h - a scroll of enchant weapon {unknown}
 l - a scroll of identify {unknown}
Potions
 c - a potion of might {unknown}
 e - a potion of haste {unknown}
 i - 2 potions of curing {unknown}
 k - a potion of cancellation {unknown}


   Skills:
 + Level 3.2 Fighting
 + Level 4.5 Crossbows
 + Level 2.0 Armour
 + Level 2.3 Dodging
 - Level 1.1 Stealth


You had 3 spell levels left.
You didn't know any spells.
Your spell library was empty.

Dungeon Overview and Level Annotations

Branches:
Dungeon (2/15)

Altars:

Annotations:
D:2 Sigmund


Innate Abilities, Weirdness & Mutations

You are resistant to torment.
Your stone body is resilient. (AC +3)
You are immune to poison.
You resist negative energy. (rN+)
You are resistant to electric shocks. (rElec)
You can survive without breathing.
You are immune to petrification.
You are immune to miasma.


Message History

You hear some strange, mumbled words.
You are confused.
A goblin comes into view. It is wielding a +0 club.
The adder closely misses you.
Non-targeted confused fire: 6 bolts
Press: ? - help, Q - select action Dir - look around, f - activate You shoot a bolt.
Something hits you! The adder misses you.
Unknown command.
Non-targeted confused fire: 5 bolts
Press: ? - help, Q - select action Dir - look around, f - activate You shoot a bolt.
The adder bites you but does no damage. Something hits you!
* * * LOW HITPOINT WARNING * * *
The adder bites you but does no damage.
Non-targeted confused fire: 4 bolts
Press: ? - help, Q - select action Dir - look around, f - activate You shoot a bolt.
The adder barely misses you. Something hits you.
You die...

*,##*,###.+......,>,,,,,,,,,,**,,
,*,*,*,#..#.....,,......#,,,,,,,,
,*,*,*,#..#...#,,,......#,**,**,*
###,**#.#.#...#,,,.......,,,,,,,,
#.#######.#...#,,,......#,,,,****
..............#***......#,,,,*
.##...........# *......#,,,,*
.##...........####g.....#,*****
.........((...g{@SKw....',,,,,*
.##.....#.....####b.....#,***,*
.##.....#...### *......#,* *,*
.##.....#...#*****##'####,***,***
.##.....#....,,,,,,,..# *,**,,,,,
.#####......#*******,.# *,**,,***
#* *###...* *,,# *,**,,* #.,,*
*,,* *,**,,* *,,,* *,,* *,**,,*


You could see a worm, an adder, 2 goblins, a bat and a kobold.

Vanquished Creatures
  Robin (D:2)
  3 adders (D:2)
  2 worms (D:2)
  3 dart slugs (D:1)
  A leopard gecko (D:1)
  2 ball pythons
  2 giant cockroaches
  12 goblins
  6 hobgoblins (D:2)
  3 bats
  2 frilled lizards (D:1)
  5 kobolds
  2 rats (D:1)
44 creatures vanquished.

Vanquished Creatures (others)
  3 plants (D:1)
3 creatures vanquished.

Grand Total: 47 creatures vanquished

Notes
Turn   | Place    | Note
-------+----------+-------------------------------------------
     0 | D:1      | Saba the Gargoyle Hunter began the quest for the Orb.
     0 | D:1      | Reached XP level 1. HP: 12/12 MP: 1/1
   352 | D:1      | Reached XP level 2. HP: 15/18 MP: 2/2
   627 | D:1      | Reached skill level 1 in Armour
  1334 | D:1      | Reached XP level 3. HP: 22/22 MP: 3/3
  1602 | D:2      | Noticed Robin
  2057 | D:2      | Reached XP level 4. HP: 28/28 MP: 4/4
  2177 | D:2      | Noticed Sigmund
  2530 | D:2      | Killed Robin
  2818 | D:2      | Slain by Sigmund

Illustrated notes

Levels and vault maps discovered:
D:1:      roderic_crop_circles_arrival_small, layout_loops_corners,
          serial_rivers, chequers_serial_rivers_large_a,
          chequers_serial_rivers_micro_c, chequers_serial_rivers_micro_d,
          chequers_serial_rivers_micro_e, chequers_serial_rivers_small_b,
          minmay_misc_feat_roman, feat_on_display
D:2:      layout_basic, grunt_decor_resistance, st_stairs_5,
          minmay_pentomino_z2, uniq_sigmund, uniq_robin, uniq_jessica

Skill      XL: |  1  2  3  4 |
---------------+-------------+-----
Armour         | 1 2 |  2.0
Dodging        | 2 |  2.3
Fighting       | 3 |  3.2
Crossbows      | |  4.5
Stealth        | |  1.1

Action                   |  1- 3 |  4- 6 || total
-------------------------+-------+-------++-------
Melee: Short sword       |    23 |       ||    23
       Spear             |    99 |    72 ||   171
       Hand crossbow     |       |     1 ||     1
 Fire: Hand crossbow     |       |    17 ||    17
  Use: Scroll            |       |     3 ||     3
       Potion            |       |     1 ||     1
 Stab: Sleeping          |     3 |       ||     3
Armor: Leather armour    |    33 |    23 ||    56
       Scale mail        |       |    39 ||    39
Dodge: Dodged            |    63 |    63 ||   126
